 Dungeon Crawl Stone Soup version 0.29.1-2-gbd0b4ee654 (webtiles) character file.

Game seed: 13137065866997331960

2923 MisterFreud the Blocker (level 10, -30/74 HPs)
             Began as a Formicid Gladiator on Oct 26, 2022.
             Killed from afar by an acid dragon (33 damage)
             ... with a splash of acid
             ... on level 11 of the Dungeon.
             The game lasted 00:10:05 (9397 turns).

MisterFreud the Blocker (Formicid Gladiator)        Turns: 9397, Time: 00:10:06

Health: -30/74     AC: -3    Str: 21    XL:     10   Next: 6%
Magic:  10/10      EV: 11    Int:  8    God:
Gold:   471        SH: 18    Dex: 20    Spells: 9/9 levels left

rFire   . . .      SeeInvis +   s - +4 quarterstaff (chaos)
rCold   . . .      Faith    .   p - +0 tower shield
rNeg    + . .      Spirit   .   b - +1 leather armour
rPois   +          Reflect  .   (helmet unavailable)
rElec   .          Harm     .   t - +0 cloak
rCorr   .          Rampage  .   (no gloves)
Will    ++...                   (no boots)
Stlth   +.........              (no amulet)
HPRegen 0.22/turn               A - ring "Myulinw Neal" {rN+ Will+ Dex+3}
MPRegen 0.12/turn               o - ring of poison resistance

@: corroded
A: permanent stasis, dig shafts and tunnels, antennae 3, four strong arms
a: Dig, Shaft Self


You were on level 11 of the Dungeon.
You visited 2 branches of the dungeon, and saw 11 of its levels.
You also visited: Sewer.

You collected 471 gold pieces.

Inventory:

Hand Weapons
 a - a +1 quarterstaff
 j - the +7 hand axe "Luziuf" {elec, rN++ Str+4 Int-3 SInv}
   (You found it in a sewer)

   It occasionally discharges a powerful burst of electricity upon striking a
   foe.
   Str:       It affects your strength (+4).
   Int:       It affects your intelligence (-3).
   rN:        It greatly protects you from negative energy.
   SInv:      It lets you see invisible.
 s - a +4 quarterstaff of chaos (weapon)
Missiles
 c - 3 throwing nets (quivered)
 d - a javelin
 k - 10 poisoned darts
 v - 5 boomerangs of dispersal
 y - 3 boomerangs
Armour
 b - a +1 leather armour (worn)
 p - a +0 tower shield (worn)
 t - a +0 cloak (worn)
Jewellery
 f - a ring of protection from fire
 h - a ring of resist corrosion
 o - a ring of poison resistance (right hand)
 q - a ring of flight
 A - the ring "Myulinw Neal" (left hand) {rN+ Will+ Dex+3}
   (You found it on level 5 of the Dungeon)

   [ring of willpower]

   Dex:       It affects your dexterity (+3).
   rN:        It protects you from negative energy.
   Will:      It increases your willpower.
Wands
 r - a wand of flame (21)
 u - a wand of digging (6)
 D - a wand of charming (12)
 G - a wand of iceblast (7)
Scrolls
 l - a scroll of amnesia
 E - a scroll of fear
Potions
 g - 3 potions of might
 i - 2 potions of curing
 m - 2 potions of heal wounds
 n - 2 potions of mutation
 w - a potion of resistance
 x - a potion of haste {unknown}
 z - 6 potions of flight
 B - a potion of magic {unknown}
 C - 2 potions of attraction


   Skills:
 - Level 5.0 Fighting
 + Level 1.2 Axes
 - Level 10.0 Staves
 - Level 2.6 Throwing
 - Level 3.2 Dodging
 - Level 10.0 Shields


You had 9 spell levels left.
You didn't know any spells.
Your spell library contained the following spells:

 Spells                   Type           Power      Damage    Failure   Level
 Poisonous Vapours        Pois/Air       0%         N/A       97%         2
 Sublimation of Blood     Necr           0%         N/A       97%         2
 Wereblood                Tmut           0%         N/A       97%         2
 Corpse Rot               Necr/Pois/Air  0%         N/A       100%        4
 Summon Hydra             Summ           0%         N/A       100%        7


Dungeon Overview and Level Annotations

Branches:
Dungeon (9/15)             Temple (1/1) D:7           Sewer (visited)
   Lair: D:8-11         Orc: D:9-12

Altars:
Ashenzari
Elyvilon
Hepliaklqana
Kikubaaqudgha
Nemelex Xobeh
Okawaru
Qazlal
Ru
Sif Muna
Uskayaw
Vehumet
Wu Jian
Xom
Zin

Shops:
D:3 =


Innate Abilities, Weirdness & Mutations

You cannot be hasted, slowed, berserked, paralysed or teleported.
You can dig through walls and to a lower floor.
You have a pair of large antennae on your head. (SInv)
Your four strong arms can wield two-handed weapons with a shield.


Message History

Training target 10.0 for Staves reached!
Your Staves skill increases to level 10!
You need to enable at least one skill for training.
Your Axes skill increases to level 1!
You close the door, pushing everything out of the way.
You see here a vampire mosquito corpse.
You start resting.
HP restored.
There is a shaft here.
Found 18 gold pieces.
Found a scroll labelled QEENUS MUDUI.
You now have 471 gold pieces (gained 18).
e - a scroll labelled QEENUS MUDUI
As you read the scroll labelled QEENUS MUDUI, it crumbles to dust.
You feel aware of your surroundings.
You sensed 1 shop/portal.
It was a scroll of magic mapping.
The acid dragon spits acid at you. The splash of acid hits you!
The acid corrodes you! The acid dragon bites you!
You block the acid dragon's attack.
You hit the acid dragon.
The acid dragon is moderately wounded.
The acid dragon spits acid at you. The splash of acid hits you!
You completely miss the acid dragon.
The acid dragon is moderately wounded.
The acid dragon spits acid at you. The splash of acid hits you!!
* * * LOW HITPOINT WARNING * * *
The acid corrodes you!
You hit the acid dragon but do no damage.
The acid dragon is moderately wounded.
The acid dragon bites you.
* * * LOW HITPOINT WARNING * * *
You block the acid dragon's attack.
You hit the acid dragon but do no damage.
The acid dragon is moderately wounded.
You block the acid dragon's attack. The acid dragon barely misses you.
The acid dragon spits acid at you. The splash of acid hits you!!
You die...

*,,,,,*,* #.....# #.#####...[.D
*,,,,,*,* ####.## #............
*,,*<,*,* #.# ########.#...
*,,*,,*,* ###.#*## #.####
*,,,,,*,* #......# ##+##
**,,,,,,* #.#.##.#### ##...##
****,*** #.........*##..[..##
**,,* #..D#..#*,##.......#
***,,,**######..@...##.#.?.......
,,,,,,,,...............+.........
,,,,,,,,,#####......##.#.........
,,**,,,*,* ##........##.......#
,*,,,,,,,* ####.#######.....##
,*,,,,,,,* #.# ##...## ,*,,,,,,,*
#.# ##'### ,,,*,,,*,* #.#
###...## ,,,,,,,,,* #.# #......#


You could see an acid dragon (catching breath).

Vanquished Creatures
  5 vampire mosquitoes (D:11)
  A water moccasin (D:7)
  4 ogres
  An ice beast (D:6)
  2 centaurs
  A phantom (D:5)
  2 bullfrogs (Sewer)
  5 scorpions
  A necrophage (D:4)
  3 wights (D:9)
  A howler monkey (D:6)
  2 jellies
  7 hounds
  2 orc priests
  Crazy Yiuf (D:2)
  A gnoll bouda (D:6)
  4 iguanas
  2 orc wizards
  A gnoll (D:6)
  16 adders
  A river rat (D:5)
  A white imp (D:5)
  An ufetubus (D:7)
  6 worms
  3 dart slugs
  21 orcs
  3 endoplasms
  8 giant cockroaches
  7 goblins
  3 hobgoblins
  6 jackals
  2 kobolds
  8 quokkas
  8 ball pythons
  3 bats
  13 frilled lizards
  11 rats
167 creatures vanquished.

Vanquished Creatures (others)
  A demonic plant (D:7)
1 creature vanquished.

Grand Total: 168 creatures vanquished

Notes
Turn   | Place    | Note
-------+----------+-------------------------------------------
     0 | D:1      | MisterFreud the Formicid Gladiator began the quest for the
                  | Orb.
     0 | D:1      | Reached XP level 1. HP: 16/16 MP: 1/1
   204 | D:1      | Reached XP level 2. HP: 13/23 MP: 2/2
  1190 | D:2      | Reached XP level 3. HP: 13/28 MP: 3/3
  1204 | D:2      | Found a shimmering altar of Xom.
  1624 | D:2      | Found a faded altar of an unknown god.
  1846 | D:2      | Reached XP level 4. HP: 35/35 MP: 4/4
  2448 | D:2      | Found a runed translucent door.
  2449 | D:2      | Noticed Crazy Yiuf
  2458 | D:2      | Killed Crazy Yiuf
  2459 | D:2      | Reached skill level 1 in Shields
  2459 | D:2      | Reached XP level 5. HP: 21/41 MP: 3/5
  2774 | D:3      | Found Oggusomima's Jewellery Shoppe.
  3550 | D:3      | Reached XP level 6. HP: 47/47 MP: 6/6
  4180 | D:4      | Reached skill level 5 in Staves
  4417 | D:4      | Reached XP level 7. HP: 44/52 MP: 7/7
  4617 | D:5      | Entered Level 5 of the Dungeon
  4685 | D:5      | Reached skill level 5 in Shields
  4751 | D:5      | Found a glowing drain.
  4760 | Sewer    | Entered a sewer
  5359 | Sewer    | Identified the +7 hand axe "Luziuf" {elec, rN++ Str+4 Int-3
                  | SInv}
  5640 | D:5      | Identified the ring "Myulinw Neal" {rN+ Will+ Dex+3}
  5724 | D:5      | Found a broken altar of Ashenzari.
  5773 | D:5      | Reached XP level 8. HP: 60/60 MP: 8/8
  6148 | D:5      | Reached skill level 5 in Fighting
  7098 | D:6      | Reached XP level 9. HP: 61/68 MP: 9/9
  7101 | D:6      | Reached skill level 10 in Shields
  7235 | D:6      | You fall into a shaft and drop 2 floors!
  7668 | D:7      | Found a staircase to the Ecumenical Temple.
  7693 | Temple   | Entered the Ecumenical Temple
  8511 | D:6      | You fall into a shaft and drop 3 floors!
  8843 | D:9      | You fall into a shaft and drop 2 floors!
  8851 | D:11     | Noticed a six-headed hydra
  9155 | D:11     | Reached XP level 10. HP: 33/74 MP: 10/10
  9159 | D:11     | Reached skill level 10 in Staves
  9159 | D:11     | Reached skill level 1 in Axes
  9396 | D:11     | HP: 3/74 [acid dragon (6)]
  9397 | D:11     | Killed from afar by an acid dragon

Illustrated notes

Levels and vault maps discovered:
D:1:      dpeg_arrival_long_road, layout_loops_corners,
          hangedman_decor_clover_reticule
D:2:      layout_basic, basic_altar, shapermc_ecumenical_altar_ellora,
          minmay_octomino_c4, uniq_crazy_yiuf_cottage
D:3:      layout_loops_corners, serial_shops, nicolae_diamond_shop
D:4:      layout_basic
D:5:      layout_loops_corners, ashenzari_altar_1, lightli_sewer_entry_pipes,
          item_on_display_a
D:6:      lemuel_castle_with_subvaults [lemuel_castle_interior_carwin_1],
          layout_basic, minitemple
D:7:      layout_loops_ring, minmay_temple_entry_antechambers, serial_demonic,
          serial_demonic_a, serial_demonic_b, serial_demonic_b,
          serial_demonic_d, serial_shops, shop, minmay_misc_feat_more_columns,
          uniq_pikel
D:8:      layout_basic, erik_lair_island
D:9:      layout_loops_cross, slow_altar_1, hangedman_decor_lopped
D:11:     layout_loops_corners, serial_shops, nicolae_shop_window_shopping,
          hangedman_tell_no_tales
Temple:   compressed_dpeg_triangle_lava_temple

Skill      XL: |  1  2  3  4  5  6  7  8  9 10 |
---------------+-------------------------------+-----
Dodging        | 3 |  3.2
Fighting       | 3 4 5 |  5.0
Shields        | 1 3 4 6 9 10 | 10.0
Staves         | 4 5 6 9 10 | 10.0
Axes           | 1 |  1.2
Throwing       | |  2.6

Action                   |  1- 3 |  4- 6 |  7- 9 | 10-12 || total
-------------------------+-------+-------+-------+-------++-------
Melee: Quarterstaff      |    83 |   143 |   368 |     8 ||   602
 Abil: Shaft Self        |       |       |     3 |       ||     3
  Use: Scroll            |     5 |     5 |    10 |     1 ||    21
       Potion            |       |       |     2 |       ||     2
 Stab: Sleeping          |     1 |     2 |     1 |       ||     4
       Paralysed         |       |     1 |     1 |       ||     2
       Confused          |       |       |       |     1 ||     1
Armor: Leather armour    |    20 |    33 |    69 |       ||   122
Dodge: Dodged            |    71 |    52 |   117 |     2 ||   242
Block: Tower shield      |       |    70 |   352 |     4 ||   426
